 Dungeon Crawl Stone Soup version 0.31.0-12-g77e489cdc1 (webtiles) character file.

Game seed: 9064015941443813945

37 Doomgape the Sneak (level 3, 0/21 HPs)
             Began as a Kobold Brigand on Feb 11, 2024.
             Slain by a quokka (3 damage)
             ... on level 2 of the Dungeon.
             The game lasted 00:03:07 (1273 turns).

Doomgape the Sneak (Kobold Brigand)                 Turns: 1273, Time: 00:03:08

Health: 0/21       AC:  4    Str:  8    XL:     3   Next: 62%
Magic:  3/3        EV: 13    Int: 18    God:
Gold:   117        SH:  0    Dex: 18    Spells: 2/2 levels left

rFire   . . .        a - +2 dagger
rCold   . . .        (no shield)
rNeg    . . .        j - +0 leather armour
rPois   .            (no helmet)
rElec   .            c - +0 cloak
rCorr   .            (no gloves)
SInv    .            (no boots)
Will    .....        (no amulet)
Stlth   ++++         i - +6 ring of intelligence
HPRegen 0.23/turn    (no ring)
MPRegen 0.08/turn

%: no passive effects
@: no status effects
A: small, no large weapons, nightstalker 3
a: no special abilities


You were on level 2 of the Dungeon.
You visited 1 branch of the dungeon, and saw 2 of its levels.

You collected 117 gold pieces.

Inventory:

Hand Weapons
 a - a +2 dagger (weapon)
Missiles
 d - 4 poisoned darts (quivered)
 e - 8 curare-tipped darts
Armour
 c - a +0 cloak (worn)
 j - a +0 leather armour (worn)
Jewellery
 i - a +6 ring of intelligence (left hand)
Scrolls
 f - a scroll of identify {unknown}
 g - a scroll of immolation {unknown}


   Skills:
 - Level 2.1 Fighting
 + Level 3.7 Short Blades
 + Level 2.9 Throwing
 - Level 1.2 Dodging
 + Level 5.9 Stealth


You had 2 spell levels left.
You didn't know any spells.
Your spell library was empty.

Dungeon Overview and Level Annotations

Branches:
Dungeon (2/15)

Altars:


Innate Abilities, Weirdness & Mutations

You are small and have problems with some larger weapons.
You are completely attuned to the shadows.


Message History

Throw: 5 darts (poison)
Press: ? - help, Q - select action, (/) - cycle Shift-Dir - straight line, f/p - ribbon worm
Aim: a ribbon worm (catching its breath, 79% to hit)
You throw a poisoned dart. The poisoned dart hits the ribbon worm.
The ribbon worm is poisoned.
The quokka bites you.
* * * LOW HITPOINT WARNING * * *
The quokka bites you.
* * * LOW HITPOINT WARNING * * *
The kobold misses you. The ribbon worm barely misses you.
Unknown command.
You feel better. The bat barely misses you. The quokka barely misses you.
The quokka closely misses you. The kobold barely misses you.
The ribbon worm bites you.
Unknown command.
Unknown command.
You completely miss the ribbon worm. The quokka bites you.
The quokka misses you.
A goblin comes into view. It is wielding a +0 dagger.
The kobold closely misses you.
Unknown command.
Unknown command.
You hit the ribbon worm.
The ribbon worm is lightly wounded.
The bat hits you but does no damage. The quokka closely misses you. x2
The ribbon worm bites you. The kobold hits you but does no damage.
Unknown command.
Unknown command.
You completely miss the ribbon worm.
The ribbon worm is lightly wounded.
The quokka bites you.
* * * LOW HITPOINT WARNING * * *
The quokka misses you.
The ribbon worm expels a string of sticky webbing.
The stream of webbing misses you.
Unknown command.
Unknown command.
The bat hits you but does no damage. The bat completely misses you.
The quokka bites you.
You die...

..........)..
..(###....
............. .....
......... . ....####...
........... ... ...b
..#... #.. ###
.>..##r.....##.######..
...wr.@b.........†.....
..###Kw.....##.....#...
##.(.......###.....
#..g#.....###.....
r####..(.......).....
(......#..##.#.......
.......#...#.#.......
###K#####..#.........
#. ##.<.#........


You could see a ribbon worm (poisoned, catching breath), a dart slug, 2 quokkas,
a goblin, a bat and a kobold.

Vanquished Creatures
  2 ball pythons
  2 endoplasms
  A giant cockroach (D:1)
  2 goblins
  5 hobgoblins
  4 jackals (D:1)
  6 kobolds
  3 quokkas
  5 bats
  2 frilled lizards
  3 rats
35 creatures vanquished.

Notes
Turn   | Place    | Note
-------+----------+-------------------------------------------
     0 | D:1      | Doomgape the Kobold Brigand began the quest for the Orb.
     0 | D:1      | Reached XP level 1. HP: 12/12 MP: 1/1
   242 | D:1      | Reached XP level 2. HP: 17/17 MP: 2/2
   611 | D:1      | Reached XP level 3. HP: 21/21 MP: 3/3
  1273 | D:2      | Slain by a quokka

Illustrated notes

Levels and vault maps discovered:
D:1:      minmay_arrival_wavy_path, layout_basic
D:2:      layout_rooms, st_stairs_2, minmay_guardbox

Skill      XL: |  1 |
---------------+----+-----
Short Blades   | 3 |  3.7
Fighting       | |  2.1
Throwing       | |  2.9
Dodging        | |  1.2
Stealth        | |  5.9

Action                     || total
---------------------------++-------
  Melee: Dagger            ||    83
  Throw: Dart              ||    17
    Use: Potion            ||     2
   Stab: Sleeping          ||    16
 Armour: Robe              ||    29
         Leather armour    ||    29
  Dodge: Dodged            ||    93
